 Dungeon Crawl Stone Soup version 0.30-a0-364-gf6b3ef1049 (webtiles) character file.

Game seed: 9795746743758497477

242 mopl the Magician (level 6, -8/36 HPs)
             Began as an Octopode Hedge Wizard on Nov 14, 2022.
             Killed from afar by an orc wizard (9 damage)
             ... with a magic dart
             ... on level 3 of the Dungeon.
             The game lasted 00:03:29 (2291 turns).

mopl the Magician (Octopode Hedge Wizard)           Turns: 2291, Time: 00:03:31

Health: -8/36      AC:  1    Str:  6 (9)  XL:     6   Next: 9%
Magic:  21/21      EV: 13    Int: 15 (18) God:
Gold:   95         SH:  0    Dex: 11 (12) Spells: 7/13 levels left

rFire   . . .      SeeInvis .    b - +0 dagger (venom)
rCold   . . .      Faith    .    (no shield)
rNeg    . . .      Spirit   .    m - +0 hat
rPois   .          Reflect  .    (no amulet)
rElec   .          Harm     .    n - ring of magical power
rCorr   .          Rampage  .    (no ring)
Will    .....                    (no ring)
Stlth   +++.......               (no ring)
HPRegen 0.26/turn                (no ring)
MPRegen 0.17/turn                (no ring)
                                 (no ring)
                                 (no ring)

@: brilliant, lethally poisoned (-8 -> -15)
A: almost no armour, amphibious, 8 rings, camouflage 1, gelatinous body 1,
(nimble swimmer 1), tentacles
a: no special abilities


You were on level 3 of the Dungeon.
You visited 1 branch of the dungeon, and saw 3 of its levels.

You collected 95 gold pieces.

Inventory:

Hand Weapons
 b - a +0 dagger of venom (weapon)
 j - a +0 dagger of draining
 v - a +3 dagger of draining
Missiles
 d - 5 curare-tipped darts
Armour
 m - a +0 hat (worn)
Magical Staves
 l - a staff of conjuration
Jewellery
 n - a ring of magical power (left tentacle)
Wands
 r - a wand of iceblast (10)
 t - a wand of flame (15)
Scrolls
 a - 3 scrolls of identify {unknown}
 g - 2 scrolls of blinking {unknown}
 k - 2 scrolls of amnesia {unknown}
 o - a scroll of enchant weapon {unknown}
 q - 2 scrolls of enchant armour {unknown}
Potions
 c - 4 potions of magic
 p - a potion of ambrosia {unknown}
 s - a potion of resistance {unknown}
 u - a potion of lignification {unknown}
 w - a potion of curing {unknown}


   Skills:
 - Level 2.0 Dodging
 - Level 2.6 Stealth
 * Level 4.2 Spellcasting
 * Level 3.2 Conjurations
 - Level 1.0 Summonings
 + Level 2.3 Translocations
 + Level 1.4 Air Magic
 + Level 1.6 Poison Magic
 + Level 1.0 Evocations


You had 7 spell levels left.
You knew the following spells:

 Your Spells              Type           Power      Damage    Failure   Level
a - Magic Dart            Conj           76%        1d6       4%          1
c - Mephitic Cloud        Conj/Pois/Air  14%        N/A       22%         3
e - Blink                 Tloc           30%        N/A       11%         2

Your spell library contained the following spells:

 Spells                   Type           Power      Damage    Failure   Level
 Kiss of Death            Conj/Necr      48%        2d9       9%          1
 Cigotuvi's Dreadful Rot  Necr/Pois/Air  18%        N/A       17%         2
 Beastly Appendage        Tmut           8%         N/A       19%         1
 Slow                     Hex            16%        N/A       19%         1
 Call Imp                 Summ           9%         N/A       19%         2
 Wereblood                Tmut           4%         N/A       26%         2
 Spider Form              Tmut/Pois      8%         N/A       36%         3
 Confusing Touch          Hex            4%         N/A       47%         3
 Dispel Undead            Necr           4%         3d7       87%         4


Dungeon Overview and Level Annotations

Branches:
Dungeon (3/15)

Altars:
Gozag
Yredelemnul
The Shining One

Annotations:
D:3 1 transporter


Innate Abilities, Weirdness & Mutations

You cannot wear most types of armour.
You are amphibious.
You can wear up to eight rings at the same time.
Your skin changes colour to match your surroundings (Stealth+).
Your rubbery body absorbs attacks. (AC +1, EV +1)
((You are camouflaged when in or above water. (Stealth+)))
You have tentacles for arms and can constrict up to eight enemies at once.


Message History

You are confused.
The orc wizard points at you and mumbles some strange words.
You resist with some effort.
You are engulfed in dark miasma.
You are poisoned.
You feel extremely sick.
The orc wizard gestures at you while chanting.
You resist with some effort.
Things that are here:
a +0 dagger; a +0 leather armour You feel very sick.
The orc wizard gestures at you while chanting.
The magic dart hits you!
You see here a +0 dagger.
It was a potion of degeneration.
There was something very wrong with that liquid.
You feel weakened.
You feel dopey.
You feel clumsy.
* * * LOW HITPOINT WARNING * * *
You feel very sick.
It was a potion of flight.
You feel very buoyant.
You fly up into the air.
* * * LOW HITPOINT WARNING * * *
You feel very sick.
The orc wizard casts a spell.
The orc wizard flickers and vanishes!
Deactivating autopickup; reactivate with Ctrl-A.
It was a potion of cancellation.
Your magical effects are unravelling.
You feel magically purged.
You float gracefully downwards.
You feel less confused.
* * * LOW HITPOINT WARNING * * *
You feel very sick.
It was a potion of brilliance.
You feel clever all of a sudden.
* * * LOW HITPOINT WARNING * * *
You feel sick.
A magic dart appears from out of thin air!
The magic dart hits you!
You die...

##.## #.####.### ##..#
#.#....... #..##
####.#....... ###.##
#............ #...#
#.##.#....... ##)###
######.......
#######...###########.......
#§.§.§.#...#.§.§.§####..>....
#._....'...'@..{_.#A##.######
#§.§.§.#...#.§.§.§######
#######...########## ##.##
#.# #.. ####


You could see a profane servitor.

Vanquished Creatures
  Terence (D:3)
  2 orc wizards (D:3)
  Ijyb (D:3)
  6 adders
  3 worms
  2 dart slugs
  5 orcs
  6 ball pythons
  7 bats
  4 endoplasms
  3 giant cockroaches
  6 hobgoblins
  3 jackals (D:2)
  2 quokkas
  6 frilled lizards
  4 goblins
  4 kobolds
  6 rats
71 creatures vanquished.

Vanquished Creatures (others)
  2 orcs (D:3)
2 creatures vanquished.

Grand Total: 73 creatures vanquished

Notes
Turn   | Place    | Note
-------+----------+-------------------------------------------
     0 | D:1      | mopl the Octopode Hedge Wizard began the quest for the Orb.
     0 | D:1      | Reached XP level 1. HP: 11/11 MP: 4/4
   236 | D:1      | Reached XP level 2. HP: 16/17 MP: 6/6
   264 | D:1      | Learned a level 2 spell: Blink
   534 | D:1      | Reached XP level 3. HP: 21/21 MP: 7/7
   903 | D:1      | Reached skill level 2 in Conjurations
  1100 | D:2      | Learned a level 3 spell: Mephitic Cloud
  1173 | D:2      | Reached XP level 4. HP: 20/27 MP: 9/9
  1506 | D:2      | Reached skill level 2 in Translocations
  1563 | D:2      | Reached skill level 1 in Poison Magic
  1764 | D:3      | Found an opulent altar of Gozag.
  1768 | D:3      | Noticed Ijyb
  1781 | D:3      | Killed Ijyb
  1781 | D:3      | Noticed Terence
  1782 | D:3      | Reached skill level 1 in Air Magic
  1782 | D:3      | Reached XP level 5. HP: 25/31 MP: 10/10
  1794 | D:3      | Killed Terence
  1795 | D:3      | Reached skill level 4 in Spellcasting
  1806 | D:3      | Reached skill level 3 in Conjurations
  2006 | D:3      | Found a transporter.
  2268 | D:3      | Reached skill level 1 in Evocations
  2268 | D:3      | Reached XP level 6. HP: 28/36 MP: 12/12
  2277 | D:3      | Found a glowing golden altar of the Shining One.
  2280 | D:3      | Found a basalt altar of Yredelemnul.
  2283 | D:3      | Noticed a profane servitor
  2291 | D:3      | HP: 1/36 [poison (dark miasma)]
  2291 | D:3      | Killed from afar by an orc wizard

Illustrated notes

Levels and vault maps discovered:
D:1:      elethiomel_arrival_maze, layout_basic, minmay_tree_intersection
D:2:      layout_loops_ring
D:3:      gammafunk_wand_slinger, layout_loops_cross,
          grunt_temple_overflow_holy_war, amcnicky_altar_gilded, serial_shops,
          nicolae_shop_crystal, minmay_misc_feat_rugged, uniq_ijyb, uniq_terence

Skill      XL: |  1  2  3  4  5 |
---------------+----------------+-----
Conjurations   | 2 3 |  3.2
Translocations | 2 |  2.3
Poison Magic   | 1 |  1.6
Air Magic      | 1 |  1.4
Spellcasting   | 4 |  4.2
Evocations     | 1 |  1.0
Dodging        | |  2.0
Stealth        | |  2.6
Summonings     | |  1.0

Action                   |  1- 3 |  4- 6 || total
-------------------------+-------+-------++-------
Melee: Dagger            |    67 |    97 ||   164
       Tentacles         |    10 |    28 ||    38
       Constrict         |    14 |    24 ||    38
       Punch             |     3 |     2 ||     5
 Cast: Mephitic Cloud    |       |     2 ||     2
       Magic Dart        |       |     3 ||     3
       Blink             |       |     1 ||     1
  Use: Potion            |       |     4 ||     4
 Stab: Sleeping          |    18 |     6 ||    24
       Confused          |       |     1 ||     1
Armor: Skin              |     4 |     5 ||     9
Dodge: Dodged            |    29 |    39 ||    68

Table legend: (Time is in decaauts)
 A = Elapsed time spent in this place.
 B = Non-inter-level travel time spent in this place.
 C = Inter-level travel time spent in this place.
 D = Time resting spent in this place.
 E = Time spent auto-exploring this place.
 F = Levels seen in this place.
 G = Mean time per level.
                   A        B        C        D        E       F      G
               +--------+--------+--------+--------+--------+-----+--------+
         Total |   2289 |   2264 |     25 |    191 |   1588 |   3 |  763.0 |
       Dungeon |   2289 |   2264 |     25 |    191 |   1588 |   3 |  763.0 |
               +--------+--------+--------+--------+--------+-----+--------+

Top non-repeatable levels by time:
     D:1: 1032 daAuts
     D:2: 716 daAuts
     D:3: 540 daAuts
